[ AOE2 MATCH · #482326041 ]
Team RMItalians vs Japanese
[ REPLAY ANALYSIS · EXTRACTED FROM THE RECORDED GAME ]
Feudal
12:32
Castle
16:38
Imperial
29:37
| APM avg | 21.5 |
| APM peak | 73 |
| eAPM avg | 14.4 |
| Villagers / military | 140 / 65 |
Focus
⚔️ 25.7% · 🌾 74.3%
Hand Cannoneer ×54 · Skirmisher ×10 · Mangonel ×1
Feudal
11:11
Castle
20:53
Imperial
—
| APM avg | 18.6 |
| APM peak | 46 |
| eAPM avg | 12.2 |
| Villagers / military | 115 / 45 |
Focus
⚔️ 10.1% · 🌾 89.9%
Spearman ×25 · Woad Raider ×20
Feudal
13:06
Castle
18:45
Imperial
—
| APM avg | 22.1 |
| APM peak | 44 |
| eAPM avg | 11.7 |
| Villagers / military | 71 / 12 |
Focus
⚔️ 15.1% · 🌾 84.9%
Mangonel ×6 · Archer ×4 · Spearman ×2
Feudal
10:31
Castle
15:51
Imperial
29:06
| APM avg | 18.5 |
| APM peak | 91 |
| eAPM avg | 12.1 |
| Villagers / military | 167 / 20 |
Focus
⚔️ 12.1% · 🌾 87.9%
Knight ×12 · War Elephant ×7 · Monk ×1
Feudal
11:08
Castle
16:09
Imperial
—
| APM avg | 16.9 |
| APM peak | 39 |
| eAPM avg | 10.6 |
| Villagers / military | 77 / 86 |
Focus
⚔️ 32.5% · 🌾 67.5%
Tarkan ×82 · Monk ×2 · Petard ×2
Feudal
9:59
Castle
16:55
Imperial
30:31
| APM avg | 15.9 |
| APM peak | 47 |
| eAPM avg | 12.3 |
| Villagers / military | 95 / 58 |
Focus
⚔️ 19.1% · 🌾 80.9%
Samurai ×21 · Spearman ×20 · Archer ×13 · Battering Ram ×2 · Trebuchet (Packed) ×2
Feudal
15:00
Castle
18:33
Imperial
31:33
| APM avg | 14.0 |
| APM peak | 41 |
| eAPM avg | 12.6 |
| Villagers / military | 100 / 20 |
Focus
⚔️ 16.8% · 🌾 83.2%
Knight ×20
Feudal
—
Castle
—
Imperial
—
| APM avg | 16.8 |
| APM peak | 61 |
| eAPM avg | 8.2 |
| Villagers / military | 42 / 17 |
Focus
⚔️ 17.1% · 🌾 82.9%
Hussite Wagon ×9 · Battering Ram ×5 · Petard ×2 · Scorpion ×1
Match map
Initial resources + every placement click. Lines = walls · curves = elevation contours. ◆ gold · ⬟ stone · ● berries · ✦ relic · ◌ wall gap
Your base· ✓ Closed at 16:38 · 0t walls · 3 gate(s)
Yuanchi's base· ✓ Closed at 20:53 · 0t walls · 3 gate(s)
Itas's base· ✓ Closed at 18:45 · 0t walls · 2 gate(s)
COCO's base· ✓ Closed at 15:51 · 0t walls · 2 gate(s)
fly's base· ✓ Closed at 16:09 · 0t walls · 3 gate(s)
the_mechanic's base· ✓ Closed at 16:55 · 0t walls · 2 gate(s)
warriorprincess's base· ✓ Closed at 18:33 · 0t walls · 2 gate(s)
CalvaroLDS's base· ✓ Closed at 13:01 · 0t walls · 3 gate(s)
Smoothed initial terrain · ◌ = detected wall gap · hover for details
Inputs per minute
— Socom - - Yuanchi
Build order — Socom
First 150 of 331 actions detected
| 0:02 | Create | Villager (Male) |
| 0:02 | Create | Villager (Male) |
| 0:02 | Create | Villager (Male) |
| 0:03 | Create | Villager (Male) |
| 0:03 | Create | Villager (Male) |
| 0:04 | Build | House |
| 0:05 | Build | House |
| 0:07 | Research | Loom |
| 0:09 | Build | House |
| 1:40 | Create | Villager (Male) |
| 1:40 | Create | Villager (Male) |
| 1:40 | Create | Villager (Male) |
| 2:15 | Create | Villager (Male) |
| 2:15 | Create | Villager (Male) |
| 2:15 | Create | Villager (Male) |
| 2:29 | Create | Villager (Male) |
| 2:29 | Create | Villager (Male) |
| 2:29 | Create | Villager (Male) |
| 3:08 | Create | Villager (Male) |
| 3:08 | Create | Villager (Male) |
| 3:08 | Create | Villager (Male) |
| 3:08 | Create | Villager (Male) |
| 3:20 | Create | Villager (Male) |
| 3:20 | Create | Villager (Male) |
| 3:20 | Create | Villager (Male) |
| 3:56 | Create | Villager (Male) |
| 3:56 | Create | Villager (Male) |
| 3:56 | Create | Villager (Male) |
| 4:19 | Create | Villager (Male) |
| 4:19 | Create | Villager (Male) |
| 4:19 | Create | Villager (Male) |
| 4:42 | Create | Villager (Male) |
| 4:42 | Create | Villager (Male) |
| 4:43 | Create | Villager (Male) |
| 4:43 | Create | Villager (Male) |
| 5:47 | Create | Villager (Male) |
| 5:47 | Create | Villager (Male) |
| 5:47 | Create | Villager (Male) |
| 5:47 | Create | Villager (Male) |
| 5:48 | Create | Villager (Male) |
| 6:10 | Build | House |
| 6:11 | Build | House |
| 6:19 | Build | Lumber Camp |
| 6:47 | Build | Mill |
| 6:48 | Create | Villager (Male) |
| 6:48 | Create | Villager (Male) |
| 6:48 | Create | Villager (Male) |
| 6:48 | Create | Villager (Male) |
| 7:09 | Create | Villager (Male) |
| 7:09 | Create | Villager (Male) |
| 7:09 | Create | Villager (Male) |
| 7:09 | Create | Villager (Male) |
| 7:09 | Create | Villager (Male) |
| 7:33 | Create | Villager (Male) |
| 7:33 | Create | Villager (Male) |
| 7:34 | Create | Villager (Male) |
| 7:34 | Create | Villager (Male) |
| 8:04 | Build | Lumber Camp |
| 9:21 | Build | Mining Camp |
| 9:34 | Research | Feudal Age |
| 9:44 | Build | Mining Camp |
| 10:26 | Build | Mill |
| 10:43 | Create | Villager (Male) |
| 10:44 | Create | Villager (Male) |
| 10:44 | Research | Loom |
| 12:32 | Age | Feudal Age |
| 12:48 | Build | Market |
| 13:03 | Build | Blacksmith |
| 13:58 | Research | Castle Age |
| 14:04 | Research | Double-Bit Axe |
| 14:10 | Research | Horse Collar |
| 16:09 | Build | Farm |
| 16:10 | Build | Farm |
| 16:12 | Build | Farm |
| 16:13 | Build | Farm |
| 16:13 | Build | Farm |
| 16:38 | Age | Castle Age |
| 16:45 | Build | Town Center |
| 17:00 | Build | Town Center |
| 17:10 | Create | Villager (Male) |
| 17:10 | Create | Villager (Male) |
| 17:20 | Create | Villager (Male) |
| 17:23 | Research | Wheelbarrow |
| 17:34 | Build | House |
| 17:35 | Build | House |
| 17:39 | Build | House |
| 17:40 | Build | House |
| 17:55 | Build | Farm |
| 17:56 | Build | Farm |
| 18:08 | Build | Farm |
| 18:09 | Build | Farm |
| 18:11 | Build | Farm |
| 18:13 | Build | Farm |
| 18:14 | Build | Farm |
| 18:15 | Build | Farm |
| 18:16 | Build | Farm |
| 18:17 | Build | Farm |
| 18:19 | Build | Farm |
| 18:25 | Build | Farm |
| 18:52 | Build | House |
| 18:53 | Build | House |
| 18:54 | Build | House |
| 18:57 | Create | Villager (Male) |
| 19:01 | Create | Villager (Male) |
| 19:09 | Build | Farm |
| 19:10 | Build | Farm |
| 19:12 | Create | Villager (Male) |
| 19:12 | Create | Villager (Male) |
| 19:12 | Create | Villager (Male) |
| 19:12 | Create | Villager (Male) |
| 19:29 | Build | Farm |
| 20:03 | Build | Castle |
| 20:09 | Create | Villager (Male) |
| 20:09 | Create | Villager (Male) |
| 20:09 | Create | Villager (Male) |
| 20:09 | Create | Villager (Male) |
| 20:10 | Create | Villager (Male) |
| 20:10 | Create | Villager (Male) |
| 20:15 | Create | Villager (Male) |
| 20:15 | Create | Villager (Male) |
| 20:15 | Create | Villager (Male) |
| 20:15 | Create | Villager (Male) |
| 20:21 | Create | Villager (Male) |
| 20:21 | Create | Villager (Male) |
| 20:21 | Create | Villager (Male) |
| 20:21 | Create | Villager (Male) |
| 20:22 | Create | Villager (Male) |
| 21:01 | Build | House |
| 21:02 | Build | House |
| 21:03 | Build | House |
| 21:05 | Build | House |
| 21:07 | Build | House |
| 21:12 | Create | Villager (Male) |
| 21:12 | Create | Villager (Male) |
| 21:12 | Create | Villager (Male) |
| 21:12 | Create | Villager (Male) |
| 21:13 | Create | Villager (Male) |
| 21:13 | Create | Villager (Male) |
| 21:20 | Create | Villager (Male) |
| 21:21 | Create | Villager (Male) |
| 21:21 | Create | Villager (Male) |
| 21:21 | Create | Villager (Male) |
| 21:21 | Create | Villager (Male) |
| 21:27 | Research | Bow Saw |
| 21:58 | Create | Villager (Male) |
| 21:59 | Create | Villager (Male) |
| 21:59 | Create | Villager (Male) |
| 21:59 | Create | Villager (Male) |
| 21:59 | Create | Villager (Male) |
| 21:59 | Create | Villager (Male) |
Build order — Yuanchi
First 150 of 195 actions detected
| 0:04 | Create | Villager (Male) ×4 |
| 0:04 | Create | Villager (Male) ×4 |
| 0:10 | Build | House |
| 0:10 | Build | House |
| 0:12 | Build | House |
| 0:14 | Build | House |
| 1:34 | Create | Villager (Male) |
| 2:20 | Create | Villager (Male) |
| 2:20 | Create | Villager (Male) |
| 2:39 | Create | Villager (Male) |
| 2:55 | Create | Villager (Male) |
| 2:59 | Create | Villager (Male) |
| 3:29 | Create | Villager (Male) |
| 3:49 | Create | Villager (Male) |
| 4:02 | Create | Villager (Male) |
| 4:03 | Create | Villager (Male) |
| 5:07 | Build | Mill |
| 5:37 | Create | Villager (Male) ×2 |
| 6:31 | Create | Villager (Male) |
| 6:31 | Create | Villager (Male) |
| 6:32 | Create | Villager (Male) |
| 6:32 | Create | Villager (Male) |
| 6:39 | Build | Lumber Camp |
| 7:28 | Build | House |
| 7:33 | Build | House |
| 7:51 | Create | Villager (Male) |
| 7:51 | Create | Villager (Male) |
| 8:09 | Build | Mill |
| 8:18 | Research | Feudal Age |
| 10:38 | Build | Mining Camp |
| 10:47 | Create | Villager (Male) |
| 10:48 | Create | Villager (Male) |
| 10:51 | Create | Villager (Male) |
| 10:51 | Create | Villager (Male) |
| 11:11 | Age | Feudal Age |
| 11:22 | Build | Market |
| 11:42 | Build | Farm |
| 11:42 | Build | Farm |
| 11:42 | Build | Farm |
| 11:42 | Build | Farm |
| 11:43 | Build | Farm |
| 11:43 | Build | Farm |
| 11:44 | Build | Farm |
| 11:54 | Research | Horse Collar |
| 12:05 | Research | Double-Bit Axe |
| 12:50 | Create | Villager (Male) ×2 |
| 13:18 | Create | Villager (Male) |
| 13:36 | Build | Farm |
| 13:36 | Build | Farm |
| 13:36 | Build | Farm |
| 13:36 | Build | Farm |
| 13:36 | Build | Farm |
| 13:36 | Build | Farm |
| 13:37 | Build | Farm |
| 13:51 | Build | Farm |
| 14:08 | Create | Villager (Male) ×3 |
| 14:15 | Create | Villager (Male) |
| 14:31 | Create | Villager (Male) |
| 14:36 | Build | Farm |
| 14:36 | Build | Farm |
| 14:37 | Build | Farm |
| 14:37 | Build | Farm |
| 14:37 | Build | Farm |
| 14:37 | Build | Farm |
| 14:51 | Research | Gold Mining |
| 15:36 | Build | Blacksmith |
| 16:03 | Create | Villager (Male) ×5 |
| 16:09 | Build | Farm |
| 16:09 | Build | Farm |
| 16:09 | Build | Farm |
| 16:09 | Build | Farm |
| 16:19 | Build | House |
| 16:23 | Build | House |
| 16:24 | Build | House |
| 16:25 | Build | House |
| 17:17 | Research | Stone Mining |
| 18:13 | Research | Castle Age |
| 18:33 | Build | Mining Camp |
| 18:43 | Build | House |
| 18:46 | Build | House |
| 18:47 | Build | House |
| 18:47 | Build | House |
| 20:01 | Research | Wheelbarrow |
| 20:26 | Create | Villager (Male) ×5 |
| 20:53 | Age | Castle Age |
| 20:58 | Build | Town Center |
| 21:10 | Build | Town Center |
| 21:28 | Research | Heavy Plow |
| 21:30 | Research | Bow Saw |
| 21:33 | Research | Gold Shaft Mining |
| 21:41 | Research | Stone Shaft Mining |
| 22:30 | Create | Villager (Male) ×5 |
| 22:40 | Create | Villager (Male) |
| 22:40 | Create | Villager (Male) |
| 22:42 | Create | Villager (Male) |
| 22:46 | Create | Villager (Male) |
| 23:10 | Build | Farm |
| 23:10 | Build | Farm |
| 23:10 | Build | Farm |
| 23:10 | Build | Farm |
| 23:11 | Build | Farm |
| 23:11 | Build | Farm |
| 23:16 | Create | Villager (Male) |
| 23:18 | Create | Villager (Male) |
| 23:22 | Create | Villager (Male) |
| 23:22 | Create | Villager (Male) |
| 23:54 | Create | Villager (Male) |
| 24:02 | Build | University |
| 24:06 | Build | House |
| 24:06 | Build | House |
| 24:07 | Build | House |
| 24:13 | Create | Villager (Male) ×4 |
| 24:19 | Create | Villager (Male) |
| 24:19 | Create | Villager (Male) |
| 24:22 | Create | Villager (Male) |
| 24:22 | Create | Villager (Male) |
| 24:36 | Build | Castle |
| 25:37 | Build | Farm |
| 25:40 | Create | Villager (Male) |
| 25:40 | Create | Villager (Male) |
| 25:42 | Research | Hand Cart |
| 25:45 | Create | Villager (Male) |
| 25:46 | Create | Villager (Male) |
| 25:46 | Create | Villager (Male) |
| 25:49 | Create | Villager (Male) |
| 25:50 | Create | Villager (Male) |
| 25:55 | Create | Villager (Male) ×2 |
| 26:04 | Create | Villager (Male) |
| 26:12 | Build | Mining Camp |
| 26:24 | Build | Lumber Camp |
| 26:31 | Build | Lumber Camp |
| 26:38 | Build | House |
| 26:41 | Build | House |
| 26:42 | Build | House |
| 26:43 | Build | House |
| 27:02 | Build | Farm |
| 27:09 | Create | Villager (Male) ×5 |
| 27:11 | Create | Villager (Male) ×5 |
| 27:13 | Create | Villager (Male) |
| 27:18 | Create | Villager (Male) |
| 27:22 | Create | Villager (Male) |
| 27:38 | Research | Stronghold |
| 27:47 | Build | Mill |
| 27:48 | Build | Mill |
| 27:50 | Build | Mill |
| 27:55 | Build | Farm |
| 27:55 | Build | Farm |
| 27:55 | Build | Farm |
| 27:55 | Build | Farm |
| 27:55 | Build | Farm |
Build order — Itas
112 actions detected in the replay
| 0:08 | Build | House |
| 0:09 | Build | House |
| 0:12 | Build | House |
| 0:16 | Create | Villager (Male) ×4 |
| 1:40 | Create | Villager (Male) |
| 2:21 | Create | Villager (Male) |
| 2:54 | Create | Villager (Male) |
| 3:07 | Create | Villager (Male) |
| 3:29 | Create | Villager (Male) |
| 4:03 | Create | Villager (Male) |
| 4:21 | Create | Villager (Male) |
| 4:40 | Build | Lumber Camp |
| 4:45 | Create | Villager (Male) |
| 5:07 | Create | Villager (Male) |
| 5:34 | Build | House |
| 5:37 | Build | House |
| 5:38 | Build | House |
| 5:42 | Build | House |
| 5:47 | Create | Villager (Male) |
| 6:07 | Create | Villager (Male) |
| 7:16 | Create | Villager (Male) |
| 7:31 | Create | Villager (Male) |
| 7:32 | Create | Villager (Male) |
| 7:34 | Create | Villager (Male) |
| 8:00 | Build | Mill |
| 8:19 | Create | Villager (Male) |
| 8:21 | Create | Villager (Male) |
| 9:00 | Build | Mining Camp |
| 9:33 | Build | Barracks |
| 9:45 | Build | Farm |
| 9:46 | Build | Farm |
| 9:46 | Build | Farm |
| 9:48 | Build | Farm |
| 9:48 | Build | Farm |
| 10:23 | Build | Farm |
| 10:24 | Build | Farm |
| 10:24 | Build | Farm |
| 10:56 | Research | Feudal Age |
| 12:58 | Create | Villager (Male) |
| 12:59 | Create | Villager (Male) |
| 12:59 | Create | Villager (Male) |
| 13:06 | Age | Feudal Age |
| 13:15 | Build | Market |
| 13:23 | Build | Blacksmith |
| 13:44 | Build | Farm |
| 14:09 | Create | Villager (Male) |
| 14:09 | Create | Villager (Male) |
| 14:36 | Build | Farm |
| 14:45 | Build | Archery Range |
| 14:49 | Build | Archery Range |
| 14:56 | Create | Villager (Male) |
| 14:56 | Create | Villager (Male) |
| 15:19 | Create | Villager (Male) |
| 15:34 | Create | Spearman |
| 15:50 | Create | Spearman |
| 16:05 | Research | Castle Age |
| 16:42 | Create | Archer |
| 16:42 | Create | Archer |
| 16:42 | Create | Archer |
| 17:28 | Create | Archer |
| 18:05 | Build | Mining Camp |
| 18:40 | Research | Stone Mining |
| 18:42 | Create | Villager (Male) |
| 18:43 | Create | Villager (Male) |
| 18:44 | Create | Villager (Male) |
| 18:45 | Age | Castle Age |
| 18:55 | Build | Farm |
| 18:57 | Build | Farm |
| 19:47 | Create | Villager (Male) |
| 19:48 | Create | Villager (Male) |
| 20:20 | Build | Castle |
| 20:34 | Create | Villager (Male) |
| 20:35 | Create | Villager (Male) |
| 20:37 | Create | Villager (Male) |
| 21:34 | Create | Villager (Male) |
| 21:35 | Create | Villager (Male) |
| 21:36 | Create | Villager (Male) |
| 21:56 | Build | Town Center |
| 24:07 | Create | Villager (Male) ×5 |
| 24:10 | Create | Villager (Male) ×5 |
| 24:20 | Build | Siege Workshop |
| 24:25 | Build | Siege Workshop |
| 24:31 | Create | Villager (Male) |
| 24:31 | Create | Villager (Male) |
| 25:14 | Create | Mangonel |
| 25:14 | Create | Mangonel |
| 25:44 | Build | Town Center |
| 25:57 | Create | Villager (Male) |
| 25:57 | Create | Villager (Male) |
| 25:59 | Create | Villager (Male) |
| 26:00 | Create | Villager (Male) |
| 26:24 | Build | Farm |
| 27:42 | Build | Castle |
| 27:52 | Create | Mangonel |
| 28:07 | Build | Farm |
| 28:09 | Build | Farm |
| 28:10 | Build | Farm |
| 28:11 | Build | Farm |
| 28:13 | Build | Farm |
| 28:15 | Create | Villager (Male) |
| 28:16 | Create | Villager (Male) |
| 28:16 | Create | Villager (Male) |
| 28:20 | Create | Villager (Male) ×5 |
| 28:23 | Create | Villager (Male) ×5 |
| 29:36 | Create | Mangonel |
| 30:37 | Create | Villager (Male) |
| 30:38 | Create | Villager (Male) |
| 30:48 | Create | Mangonel |
| 30:48 | Create | Mangonel |
| 32:21 | Build | Farm |
| 32:23 | Build | Farm |
| 32:26 | Build | Farm |
Build order — COCO
First 150 of 303 actions detected
| 0:01 | Create | Villager (Male) |
| 0:01 | Create | Villager (Male) |
| 0:02 | Create | Villager (Male) |
| 0:04 | Build | House |
| 0:07 | Build | House |
| 0:35 | Build | House |
| 0:37 | Build | House |
| 0:54 | Create | Villager (Male) |
| 0:55 | Create | Villager (Male) |
| 0:55 | Create | Villager (Male) |
| 1:32 | Create | Villager (Male) |
| 1:33 | Create | Villager (Male) |
| 2:08 | Create | Villager (Male) |
| 2:08 | Create | Villager (Male) |
| 2:23 | Create | Villager (Male) |
| 2:24 | Create | Villager (Male) |
| 2:34 | Build | Mill |
| 3:18 | Create | Villager (Male) |
| 3:18 | Create | Villager (Male) |
| 3:19 | Create | Villager (Male) |
| 3:40 | Create | Villager (Male) |
| 3:40 | Create | Villager (Male) |
| 4:08 | Create | Villager (Male) |
| 4:08 | Create | Villager (Male) |
| 4:26 | Create | Villager (Male) |
| 4:27 | Create | Villager (Male) |
| 4:53 | Create | Villager (Male) |
| 4:53 | Create | Villager (Male) |
| 5:02 | Create | Villager (Male) |
| 5:03 | Create | Villager (Male) |
| 5:03 | Create | Villager (Male) |
| 6:06 | Create | Villager (Male) |
| 6:06 | Create | Villager (Male) |
| 6:14 | Build | Lumber Camp |
| 7:16 | Build | House |
| 7:17 | Build | House |
| 7:18 | Build | House |
| 7:19 | Build | House |
| 7:28 | Create | Villager (Male) |
| 8:22 | Research | Feudal Age |
| 8:28 | Build | Mill |
| 8:45 | Build | House |
| 8:52 | Create | Villager (Male) |
| 8:53 | Create | Villager (Male) |
| 8:53 | Create | Villager (Male) |
| 8:53 | Create | Villager (Male) |
| 10:31 | Age | Feudal Age |
| 10:37 | Research | Wheelbarrow |
| 10:40 | Research | Double-Bit Axe |
| 10:43 | Research | Horse Collar |
| 10:47 | Build | Blacksmith |
| 10:55 | Build | Market |
| 11:16 | Create | Villager (Male) |
| 11:16 | Create | Villager (Male) |
| 11:16 | Create | Villager (Male) |
| 11:17 | Create | Villager (Male) |
| 11:19 | Create | Villager (Male) |
| 12:50 | Build | Mining Camp |
| 13:13 | Build | Farm |
| 13:14 | Build | Farm |
| 13:15 | Build | Farm |
| 13:16 | Build | Farm |
| 13:18 | Build | Farm |
| 13:20 | Build | Farm |
| 13:21 | Build | Farm |
| 13:22 | Build | Farm |
| 13:24 | Research | Castle Age |
| 13:32 | Build | Farm |
| 13:33 | Build | Farm |
| 13:35 | Build | Farm |
| 14:25 | Build | Farm |
| 14:29 | Build | Farm |
| 14:31 | Create | Villager (Male) |
| 14:31 | Create | Villager (Male) |
| 14:31 | Create | Villager (Male) |
| 14:31 | Create | Villager (Male) |
| 14:49 | Create | Villager (Male) |
| 15:07 | Create | Villager (Male) |
| 15:07 | Create | Villager (Male) |
| 15:51 | Age | Castle Age |
| 15:56 | Build | Town Center |
| 16:03 | Build | Town Center |
| 16:16 | Research | Bow Saw |
| 16:31 | Build | Mining Camp |
| 17:00 | Create | Villager (Male) |
| 17:09 | Research | Stone Mining |
| 17:12 | Create | Villager (Male) |
| 17:12 | Create | Villager (Male) |
| 17:12 | Create | Villager (Male) |
| 17:12 | Create | Villager (Male) |
| 17:36 | Create | Villager (Male) |
| 17:44 | Build | Farm |
| 17:46 | Build | Farm |
| 17:47 | Build | Farm |
| 17:48 | Build | Farm |
| 17:59 | Create | Villager (Male) |
| 17:59 | Create | Villager (Male) |
| 18:00 | Create | Villager (Male) |
| 18:09 | Create | Villager (Male) |
| 18:09 | Create | Villager (Male) |
| 18:16 | Create | Villager (Male) |
| 18:16 | Create | Villager (Male) |
| 18:27 | Build | Farm |
| 18:43 | Research | Heavy Plow |
| 18:51 | Create | Villager (Male) |
| 18:51 | Create | Villager (Male) |
| 18:58 | Build | Farm |
| 19:05 | Build | House |
| 19:06 | Build | House |
| 19:07 | Build | House |
| 19:11 | Create | Villager (Male) |
| 19:12 | Create | Villager (Male) |
| 19:12 | Create | Villager (Male) |
| 19:16 | Create | Villager (Male) |
| 19:16 | Create | Villager (Male) |
| 19:24 | Research | Loom |
| 19:26 | Create | Villager (Male) |
| 19:26 | Create | Villager (Male) |
| 19:32 | Create | Villager (Male) |
| 19:33 | Create | Villager (Male) |
| 19:42 | Build | Farm |
| 19:45 | Build | Farm |
| 19:45 | Create | Villager (Male) |
| 19:45 | Create | Villager (Male) |
| 19:52 | Create | Villager (Male) |
| 19:52 | Create | Villager (Male) |
| 19:55 | Create | Villager (Male) |
| 19:55 | Create | Villager (Male) |
| 20:02 | Build | Farm |
| 20:02 | Create | Villager (Male) |
| 20:03 | Create | Villager (Male) |
| 20:03 | Create | Villager (Male) |
| 20:06 | Build | Farm |
| 20:11 | Create | Villager (Male) |
| 20:12 | Create | Villager (Male) |
| 20:17 | Build | Farm |
| 20:17 | Create | Villager (Male) |
| 20:18 | Create | Villager (Male) |
| 20:24 | Create | Villager (Male) |
| 20:24 | Create | Villager (Male) |
| 20:28 | Build | Farm |
| 20:30 | Create | Villager (Male) |
| 20:30 | Create | Villager (Male) |
| 20:35 | Create | Villager (Male) |
| 20:35 | Create | Villager (Male) |
| 20:35 | Create | Villager (Male) |
| 20:41 | Build | Farm |
| 20:41 | Create | Villager (Male) |
| 20:41 | Create | Villager (Male) |
| 20:47 | Create | Villager (Male) |
Build order — fly
First 150 of 239 actions detected
| 0:06 | Create | Villager (Male) |
| 0:21 | Create | Villager (Male) |
| 0:21 | Create | Villager (Male) |
| 0:22 | Create | Villager (Male) |
| 0:22 | Create | Villager (Male) |
| 0:22 | Create | Villager (Male) |
| 1:30 | Create | Villager (Male) |
| 1:30 | Create | Villager (Male) |
| 2:07 | Create | Villager (Male) |
| 2:08 | Create | Villager (Male) |
| 2:27 | Create | Villager (Male) |
| 2:27 | Create | Villager (Male) |
| 2:52 | Create | Villager (Male) |
| 2:52 | Create | Villager (Male) |
| 3:04 | Create | Villager (Male) |
| 3:04 | Create | Villager (Male) |
| 3:34 | Create | Villager (Male) |
| 3:34 | Create | Villager (Male) |
| 3:48 | Create | Villager (Male) |
| 3:58 | Build | Mill |
| 4:28 | Create | Villager (Male) |
| 4:29 | Create | Villager (Male) |
| 5:11 | Create | Villager (Male) |
| 5:12 | Create | Villager (Male) |
| 5:12 | Create | Villager (Male) |
| 5:12 | Create | Villager (Male) |
| 5:25 | Build | Lumber Camp |
| 5:31 | Create | Villager (Male) |
| 5:32 | Create | Villager (Male) |
| 5:32 | Create | Villager (Male) |
| 5:56 | Create | Villager (Male) |
| 5:56 | Create | Villager (Male) |
| 6:24 | Create | Villager (Male) |
| 6:24 | Create | Villager (Male) |
| 7:23 | Build | Mining Camp |
| 7:26 | Create | Villager (Male) |
| 7:26 | Create | Villager (Male) |
| 7:26 | Create | Villager (Male) |
| 8:58 | Research | Feudal Age |
| 8:59 | Research | Feudal Age |
| 9:10 | Build | Mining Camp |
| 10:15 | Build | Mill |
| 10:58 | Research | Loom |
| 11:00 | Create | Villager (Male) |
| 11:00 | Create | Villager (Male) |
| 11:00 | Create | Villager (Male) |
| 11:08 | Age | Feudal Age |
| 11:21 | Build | Market |
| 11:27 | Build | Blacksmith |
| 13:29 | Research | Castle Age |
| 13:29 | Research | Castle Age |
| 13:40 | Build | Farm |
| 13:41 | Build | Farm |
| 13:42 | Build | Farm |
| 13:45 | Build | Farm |
| 13:49 | Build | Farm |
| 14:02 | Research | Horse Collar |
| 14:36 | Research | Double-Bit Axe |
| 15:19 | Build | Farm |
| 15:26 | Build | Farm |
| 15:36 | Build | Farm |
| 16:09 | Age | Castle Age |
| 16:12 | Build | Monastery |
| 16:19 | Create | Villager (Male) |
| 16:19 | Create | Villager (Male) |
| 16:19 | Create | Villager (Male) |
| 16:37 | Create | Monk |
| 16:38 | Create | Monk |
| 16:54 | Build | Town Center |
| 17:02 | Build | Farm |
| 17:48 | Create | Villager (Male) |
| 17:49 | Create | Villager (Male) |
| 17:49 | Create | Villager (Male) |
| 18:12 | Create | Villager (Male) |
| 18:12 | Create | Villager (Male) |
| 18:20 | Build | Farm |
| 18:22 | Research | Bow Saw |
| 19:20 | Build | Castle |
| 19:33 | Create | Villager (Male) |
| 19:33 | Create | Villager (Male) |
| 19:36 | Create | Villager (Male) |
| 19:37 | Create | Villager (Male) |
| 19:37 | Create | Villager (Male) |
| 19:41 | Build | Farm |
| 19:44 | Build | Farm |
| 19:46 | Build | Farm |
| 19:52 | Create | Villager (Male) |
| 19:59 | Build | Farm |
| 20:11 | Create | Villager (Male) |
| 20:25 | Build | Mining Camp |
| 20:31 | Create | Villager (Male) |
| 20:33 | Create | Villager (Male) |
| 20:34 | Create | Villager (Male) |
| 20:50 | Build | Mill |
| 20:52 | Build | Farm |
| 20:53 | Build | Farm |
| 20:54 | Build | Farm |
| 20:56 | Build | Farm |
| 21:01 | Build | Farm |
| 21:03 | Create | Villager (Male) |
| 21:03 | Create | Villager (Male) |
| 21:03 | Create | Villager (Male) |
| 21:09 | Create | Villager (Male) |
| 21:14 | Build | Farm |
| 21:18 | Create | Villager (Male) |
| 21:44 | Build | Farm |
| 21:45 | Create | Villager (Male) |
| 21:49 | Create | Villager (Male) |
| 21:55 | Build | Farm |
| 21:57 | Build | Farm |
| 21:58 | Build | Farm |
| 22:01 | Create | Villager (Male) |
| 22:06 | Create | Villager (Male) |
| 22:14 | Build | Lumber Camp |
| 22:20 | Create | Villager (Male) |
| 22:20 | Create | Villager (Male) |
| 22:27 | Create | Villager (Male) |
| 22:28 | Create | Villager (Male) |
| 23:03 | Build | Barracks |
| 23:20 | Research | Wheelbarrow |
| 23:24 | Create | Villager (Male) |
| 23:24 | Create | Villager (Male) |
| 23:32 | Research | Gold Mining |
| 23:35 | Research | Heavy Plow |
| 23:50 | Create | Villager (Male) |
| 24:38 | Build | Farm |
| 24:40 | Create | Villager (Male) |
| 24:43 | Create | Villager (Male) |
| 24:43 | Create | Villager (Male) |
| 24:50 | Build | Farm |
| 24:53 | Build | Farm |
| 25:30 | Build | Stable |
| 25:30 | Build | Stable |
| 25:32 | Build | Stable |
| 25:33 | Build | Stable |
| 25:34 | Build | Stable |
| 25:45 | Create | Villager (Male) |
| 25:45 | Create | Villager (Male) |
| 26:05 | Research | Marauders |
| 26:19 | Research | Bloodlines |
| 26:23 | Research | Husbandry |
| 26:27 | Research | Scale Barding Armor |
| 26:28 | Research | Forging |
| 26:38 | Build | Stable |
| 26:46 | Create | Petard |
| 26:47 | Create | Petard |
| 27:12 | Create | Tarkan |
| 27:12 | Create | Tarkan |
| 27:12 | Create | Tarkan |
| 27:13 | Create | Tarkan |
Build order — the_mechanic
First 150 of 244 actions detected
| 0:04 | Build | House |
| 0:11 | Create | Villager (Male) |
| 0:11 | Create | Villager (Male) |
| 0:12 | Create | Villager (Male) |
| 0:12 | Create | Villager (Male) |
| 1:09 | Build | House |
| 1:11 | Build | House |
| 1:15 | Build | House |
| 1:50 | Create | Villager (Male) |
| 1:51 | Create | Villager (Male) |
| 2:06 | Create | Villager (Male) |
| 2:47 | Create | Villager (Male) |
| 2:48 | Create | Villager (Male) |
| 2:48 | Create | Villager (Male) |
| 2:56 | Create | Villager (Male) |
| 3:21 | Create | Villager (Male) |
| 3:21 | Create | Villager (Male) |
| 3:52 | Create | Villager (Male) |
| 4:08 | Build | Mill |
| 4:12 | Create | Villager (Male) |
| 4:45 | Create | Villager (Male) |
| 5:23 | Build | Lumber Camp |
| 5:29 | Create | Villager (Male) |
| 6:05 | Create | Villager (Male) |
| 6:34 | Create | Villager (Male) |
| 6:35 | Create | Villager (Male) |
| 7:03 | Build | Mill |
| 7:10 | Create | Villager (Male) |
| 7:31 | Build | Mining Camp |
| 7:48 | Research | Feudal Age |
| 9:02 | Build | House |
| 9:13 | Build | Barracks |
| 9:16 | Build | House |
| 9:45 | Build | Farm |
| 9:59 | Age | Feudal Age |
| 10:02 | Create | Villager (Male) |
| 10:02 | Create | Villager (Male) |
| 10:32 | Build | Blacksmith |
| 10:40 | Build | Farm |
| 10:51 | Create | Villager (Male) |
| 10:52 | Create | Villager (Male) |
| 11:08 | Build | Market |
| 11:24 | Create | Villager (Male) |
| 11:40 | Build | Farm |
| 11:45 | Build | Farm |
| 11:56 | Build | Farm |
| 12:00 | Create | Villager (Male) |
| 12:19 | Build | Lumber Camp |
| 12:23 | Create | Villager (Male) |
| 12:35 | Build | Farm |
| 12:58 | Create | Villager (Male) |
| 13:00 | Build | Farm |
| 13:03 | Build | Farm |
| 13:22 | Create | Villager (Male) |
| 13:22 | Create | Villager (Male) |
| 13:28 | Build | Farm |
| 13:51 | Build | Farm |
| 14:15 | Research | Castle Age |
| 14:16 | Build | Farm |
| 14:27 | Research | Double-Bit Axe |
| 14:49 | Build | House |
| 14:58 | Research | Horse Collar |
| 15:10 | Build | Archery Range |
| 15:28 | Build | Farm |
| 15:32 | Build | Farm |
| 15:35 | Build | Farm |
| 15:42 | Build | Farm |
| 16:03 | Create | Villager (Male) |
| 16:03 | Create | Villager (Male) |
| 16:55 | Age | Castle Age |
| 16:59 | Build | Town Center |
| 17:25 | Build | Town Center |
| 17:39 | Create | Villager (Male) |
| 17:39 | Create | Villager (Male) |
| 18:02 | Research | Heavy Plow |
| 18:20 | Create | Villager (Male) |
| 18:25 | Create | Villager (Male) |
| 18:32 | Research | Gold Mining |
| 18:35 | Create | Villager (Male) |
| 18:36 | Create | Villager (Male) |
| 18:46 | Create | Villager (Male) |
| 18:46 | Create | Villager (Male) |
| 19:00 | Create | Archer |
| 19:08 | Create | Villager (Male) |
| 19:15 | Create | Villager (Male) |
| 19:18 | Create | Villager (Male) |
| 19:19 | Create | Villager (Male) |
| 19:27 | Build | Mining Camp |
| 19:33 | Create | Villager (Male) |
| 19:34 | Create | Villager (Male) |
| 19:40 | Create | Villager (Male) |
| 19:42 | Create | Villager (Male) |
| 19:47 | Create | Archer |
| 19:54 | Create | Archer |
| 20:04 | Create | Villager (Male) |
| 20:05 | Create | Villager (Male) |
| 20:23 | Build | House |
| 20:26 | Build | House |
| 20:27 | Build | House |
| 20:29 | Build | House |
| 20:31 | Build | House |
| 20:32 | Build | House |
| 20:33 | Build | House |
| 20:34 | Build | House |
| 20:35 | Build | House |
| 20:36 | Build | House |
| 20:40 | Research | Town Watch |
| 20:45 | Research | Wheelbarrow |
| 20:46 | Create | Villager (Male) |
| 20:46 | Create | Villager (Male) |
| 20:50 | Research | Loom |
| 20:54 | Create | Villager (Male) |
| 20:54 | Create | Villager (Male) |
| 20:59 | Create | Villager (Male) |
| 21:09 | Create | Archer |
| 21:09 | Create | Archer |
| 21:12 | Create | Archer |
| 21:12 | Create | Archer |
| 21:14 | Create | Archer |
| 21:29 | Create | Villager (Male) |
| 21:32 | Create | Villager (Male) |
| 21:53 | Create | Villager (Male) |
| 22:10 | Build | Farm |
| 22:12 | Create | Villager (Male) |
| 22:13 | Create | Villager (Male) |
| 22:15 | Create | Villager (Male) |
| 22:16 | Create | Villager (Male) |
| 22:42 | Build | Farm |
| 22:44 | Create | Villager (Male) |
| 22:48 | Create | Villager (Male) |
| 22:50 | Create | Villager (Male) |
| 23:03 | Build | Farm |
| 23:05 | Create | Villager (Male) |
| 23:22 | Research | Crossbowman (upgrade) |
| 23:29 | Build | Farm |
| 23:30 | Create | Villager (Male) |
| 23:58 | Build | Farm |
| 23:59 | Create | Villager (Male) |
| 24:05 | Create | Villager (Male) |
| 24:05 | Create | Villager (Male) |
| 24:07 | Create | Villager (Male) |
| 24:07 | Create | Villager (Male) |
| 24:19 | Build | Farm |
| 24:22 | Create | Villager (Male) |
| 24:42 | Build | Farm |
| 24:45 | Create | Villager (Male) |
| 24:47 | Create | Villager (Male) |
| 24:50 | Build | Farm |
| 25:11 | Build | Farm |
| 25:23 | Build | Castle |
Build order — warriorprincess
First 150 of 221 actions detected
| 0:02 | Create | Villager (Male) |
| 0:03 | Create | Villager (Male) |
| 0:03 | Create | Villager (Male) |
| 0:03 | Create | Villager (Male) |
| 0:13 | Build | House |
| 1:30 | Create | Villager (Male) |
| 1:31 | Create | Villager (Male) |
| 1:36 | Build | House |
| 2:08 | Create | Villager (Male) |
| 2:36 | Create | Villager (Male) |
| 2:36 | Create | Villager (Male) |
| 2:40 | Create | Villager (Male) |
| 3:14 | Create | Villager (Male) |
| 3:34 | Create | Villager (Male) |
| 3:42 | Build | House |
| 4:00 | Create | Villager (Male) |
| 4:01 | Create | Villager (Male) |
| 4:04 | Create | Villager (Male) |
| 4:04 | Create | Villager (Male) |
| 4:29 | Create | Villager (Male) |
| 4:47 | Create | Villager (Male) |
| 5:05 | Create | Villager (Male) |
| 5:05 | Create | Villager (Male) |
| 5:34 | Create | Villager (Male) |
| 5:34 | Create | Villager (Male) |
| 6:03 | Create | Villager (Male) |
| 6:32 | Build | House |
| 6:42 | Build | Lumber Camp |
| 7:25 | Create | Villager (Male) |
| 7:25 | Create | Villager (Male) |
| 7:25 | Create | Villager (Male) |
| 7:44 | Build | House |
| 7:47 | Create | Villager (Male) |
| 7:47 | Create | Villager (Male) |
| 7:47 | Create | Villager (Male) |
| 8:14 | Build | Mill |
| 8:16 | Create | Villager (Male) |
| 8:16 | Create | Villager (Male) |
| 8:17 | Create | Villager (Male) |
| 8:35 | Build | House |
| 9:42 | Build | Mill |
| 10:08 | Create | Villager (Male) |
| 10:54 | Build | Mining Camp |
| 10:58 | Create | Villager (Male) |
| 11:08 | Create | Villager (Male) |
| 11:34 | Create | Villager (Male) |
| 12:05 | Build | Mining Camp |
| 12:19 | Research | Feudal Age |
| 12:42 | Build | Farm |
| 12:43 | Build | Farm |
| 12:44 | Build | Farm |
| 12:45 | Build | Farm |
| 12:46 | Build | Farm |
| 12:53 | Build | Farm |
| 12:54 | Build | Farm |
| 12:56 | Build | Farm |
| 12:57 | Build | Farm |
| 12:58 | Build | Farm |
| 12:59 | Build | Farm |
| 13:01 | Build | Farm |
| 13:02 | Build | Farm |
| 13:05 | Create | Villager (Male) |
| 13:46 | Build | House |
| 15:00 | Age | Feudal Age |
| 15:08 | Create | Villager (Male) |
| 15:15 | Build | Market |
| 15:26 | Build | Blacksmith |
| 15:53 | Research | Castle Age |
| 15:56 | Research | Horse Collar |
| 15:59 | Research | Double-Bit Axe |
| 16:20 | Create | Villager (Male) |
| 16:29 | Build | House |
| 18:04 | Research | Wheelbarrow |
| 18:07 | Create | Villager (Male) |
| 18:24 | Research | Stone Mining |
| 18:33 | Age | Castle Age |
| 18:45 | Build | Town Center |
| 19:05 | Build | Town Center |
| 19:12 | Create | Villager (Male) |
| 19:17 | Create | Villager (Male) |
| 19:18 | Create | Villager (Male) |
| 19:29 | Create | Villager (Male) |
| 19:37 | Research | Gold Mining |
| 19:42 | Research | Bow Saw |
| 19:45 | Research | Heavy Plow |
| 19:49 | Create | Villager (Male) |
| 19:51 | Create | Villager (Male) |
| 19:55 | Create | Villager (Male) |
| 19:57 | Create | Villager (Male) |
| 20:00 | Create | Villager (Male) |
| 20:00 | Create | Villager (Male) |
| 20:11 | Create | Villager (Male) |
| 20:24 | Create | Villager (Male) |
| 20:34 | Create | Villager (Male) |
| 20:35 | Create | Villager (Male) |
| 20:36 | Create | Villager (Male) |
| 20:37 | Research | Loom |
| 21:00 | Build | Town Center |
| 21:05 | Create | Villager (Male) |
| 21:08 | Create | Villager (Male) |
| 21:08 | Create | Villager (Male) |
| 21:12 | Create | Villager (Male) |
| 21:16 | Create | Villager (Male) |
| 21:28 | Create | Villager (Male) |
| 21:54 | Create | Villager (Male) |
| 22:09 | Create | Villager (Male) |
| 22:11 | Create | Villager (Male) |
| 22:21 | Create | Villager (Male) |
| 22:22 | Create | Villager (Male) |
| 22:33 | Create | Villager (Male) |
| 22:33 | Create | Villager (Male) |
| 22:49 | Build | Town Center |
| 22:56 | Create | Villager (Male) |
| 23:11 | Build | House |
| 23:12 | Build | House |
| 23:12 | Build | House |
| 23:13 | Build | House |
| 23:15 | Build | House |
| 23:16 | Build | House |
| 23:20 | Create | Villager (Male) |
| 23:21 | Create | Villager (Male) |
| 23:33 | Create | Villager (Male) |
| 23:36 | Create | Villager (Male) |
| 23:38 | Create | Villager (Male) |
| 23:47 | Build | Farm |
| 23:48 | Build | Farm |
| 23:50 | Build | Farm |
| 23:51 | Build | Farm |
| 23:52 | Build | Farm |
| 23:53 | Build | Farm |
| 24:16 | Create | Villager (Male) |
| 24:18 | Create | Villager (Male) |
| 24:25 | Build | Farm |
| 24:26 | Build | Farm |
| 24:31 | Build | Farm |
| 24:32 | Build | Farm |
| 24:54 | Build | Castle |
| 25:02 | Build | Farm |
| 25:04 | Create | Villager (Male) |
| 25:15 | Build | Monastery |
| 25:23 | Create | Villager (Male) |
| 25:23 | Create | Villager (Male) |
| 25:33 | Research | Hand Cart |
| 25:36 | Create | Villager (Male) |
| 25:47 | Build | Barracks |
| 25:48 | Build | Barracks |
| 25:53 | Create | Villager (Male) |
| 25:54 | Create | Villager (Male) |
| 25:55 | Create | Villager (Male) |
| 26:01 | Create | Villager (Male) |
Build order — CalvaroLDS
98 actions detected in the replay
| 0:02 | Create | Villager (Male) |
| 0:03 | Create | Villager (Male) |
| 0:03 | Create | Villager (Male) |
| 0:03 | Create | Villager (Male) |
| 0:05 | Build | House |
| 0:08 | Build | House |
| 1:30 | Create | Villager (Male) |
| 1:30 | Create | Villager (Male) |
| 1:31 | Create | Villager (Male) |
| 2:11 | Create | Villager (Male) |
| 2:12 | Create | Villager (Male) |
| 2:32 | Create | Villager (Male) |
| 2:33 | Create | Villager (Male) |
| 3:08 | Create | Villager (Male) |
| 3:09 | Create | Villager (Male) |
| 3:09 | Create | Villager (Male) |
| 3:10 | Create | Villager (Male) |
| 4:02 | Build | House |
| 4:07 | Build | Lumber Camp |
| 4:18 | Create | Villager (Male) |
| 4:19 | Create | Villager (Male) |
| 4:19 | Create | Villager (Male) |
| 4:20 | Create | Villager (Male) |
| 4:20 | Create | Villager (Male) |
| 5:01 | Create | Villager (Male) |
| 5:01 | Create | Villager (Male) |
| 5:02 | Create | Villager (Male) |
| 5:02 | Create | Villager (Male) |
| 5:27 | Create | Villager (Male) |
| 5:27 | Create | Villager (Male) |
| 5:28 | Create | Villager (Male) |
| 6:17 | Build | House |
| 6:58 | Build | Mill |
| 7:47 | Create | Villager (Male) |
| 7:47 | Create | Villager (Male) |
| 8:08 | Build | Mill |
| 8:30 | Create | Villager (Male) |
| 8:30 | Create | Villager (Male) |
| 8:56 | Build | Mining Camp |
| 9:04 | Research | Feudal Age |
| 9:42 | Build | House |
| 10:03 | Build | House |
| 11:46 | Build | Market |
| 11:58 | Research | Loom |
| 11:58 | Research | Loom |
| 12:11 | Build | Blacksmith |
| 12:31 | Build | Mining Camp |
| 12:57 | Research | Double-Bit Axe |
| 13:01 | Research | Castle Age |
| 13:30 | Research | Horse Collar |
| 14:59 | Build | Farm |
| 14:59 | Build | Farm |
| 15:00 | Build | Farm |
| 15:02 | Build | Farm |
| 16:04 | Build | Castle |
| 16:16 | Build | House |
| 16:18 | Build | House |
| 16:20 | Build | House |
| 16:23 | Build | House |
| 17:25 | Build | University |
| 18:30 | Research | Murder Holes |
| 18:41 | Create | Hussite Wagon |
| 18:41 | Create | Hussite Wagon |
| 18:54 | Build | Mining Camp |
| 19:01 | Build | Mining Camp |
| 19:08 | Create | Villager (Male) |
| 19:09 | Create | Villager (Male) |
| 19:19 | Build | Farm |
| 19:22 | Create | Villager (Male) |
| 20:34 | Create | Villager (Male) |
| 20:45 | Create | Hussite Wagon |
| 20:46 | Create | Hussite Wagon |
| 21:27 | Create | Petard |
| 21:27 | Create | Petard |
| 21:58 | Create | Villager (Male) |
| 21:58 | Create | Villager (Male) |
| 21:59 | Create | Villager (Male) |
| 21:59 | Create | Villager (Male) |
| 22:55 | Build | Siege Workshop |
| 23:34 | Create | Hussite Wagon |
| 23:34 | Create | Hussite Wagon |
| 24:07 | Create | Battering Ram |
| 24:07 | Create | Battering Ram |
| 24:21 | Create | Villager (Male) |
| 24:22 | Create | Villager (Male) |
| 24:22 | Create | Villager (Male) |
| 24:29 | Build | Farm |
| 24:30 | Build | Farm |
| 24:30 | Build | Farm |
| 24:30 | Build | Farm |
| 24:55 | Create | Hussite Wagon |
| 24:55 | Create | Hussite Wagon |
| 25:03 | Research | Chemistry |
| 25:33 | Create | Battering Ram |
| 26:00 | Create | Hussite Wagon |
| 26:14 | Create | Scorpion |
| 28:01 | Create | Battering Ram |
| 28:01 | Create | Battering Ram |
Match timeline
| 9:13 | the_mechanic · first_building Barracks |
| 9:33 | Itas · first_building Barracks |
| 9:59 | the_mechanic · age_up feudal |
| 10:31 | COCO · age_up feudal |
| 11:08 | fly · age_up feudal |
| 11:11 | Yuanchi · age_up feudal |
| 12:32 | Socom · age_up feudal |
| 12:34 | Yuanchi · tribute_sent a jugador 2 |
| 12:34 | Yuanchi · tribute_sent a jugador 3 |
| 12:34 | Yuanchi · tribute_sent a jugador 4 |
| 12:34 | Yuanchi · tribute_sent a jugador 5 |
| 12:34 | Yuanchi · tribute_sent a jugador 6 |
| 12:34 | Yuanchi · tribute_sent a jugador 7 |
| 12:34 | Yuanchi · tribute_sent a jugador 8 |
| 12:45 | Yuanchi · tribute_sent a jugador 2 |
| 12:45 | Yuanchi · tribute_sent a jugador 3 |
| 12:45 | Yuanchi · tribute_sent a jugador 4 |
| 12:45 | Yuanchi · tribute_sent a jugador 5 |
| 12:45 | Yuanchi · tribute_sent a jugador 6 |
| 12:45 | Yuanchi · tribute_sent a jugador 7 |
| 12:45 | Yuanchi · tribute_sent a jugador 8 |
| 13:05 | fly · first_market_buy 100 food |
| 13:06 | Itas · age_up feudal |
| 14:45 | Itas · first_building Archery Range |
| 15:00 | warriorprincess · age_up feudal |
| 15:10 | the_mechanic · first_building Archery Range |
| 15:51 | COCO · age_up castle |
| 16:01 | Itas · first_market_buy 100 food |
| 16:04 | CalvaroLDS · first_building Castle |
| 16:09 | fly · age_up castle |
| 16:12 | fly · first_building Monastery |
| 16:38 | Socom · age_up castle |
| 16:55 | the_mechanic · age_up castle |
| 18:23 | CalvaroLDS · first_market_buy 100 stone |
| 18:33 | warriorprincess · age_up castle |
| 18:45 | Itas · age_up castle |
| 19:20 | fly · first_building Castle |
| 20:02 | Itas · first_market_sell 100 food |
| 20:03 | Socom · first_building Castle |
| 20:20 | Itas · first_building Castle |
| 20:53 | Yuanchi · age_up castle |
| 22:55 | CalvaroLDS · first_building Siege Workshop |
| 23:03 | fly · first_building Barracks |
| 23:42 | COCO · first_building Castle |
| 24:20 | Itas · first_building Siege Workshop |
| 24:36 | Yuanchi · first_building Castle |
| 24:54 | warriorprincess · first_building Castle |
| 25:15 | warriorprincess · first_building Monastery |
| 25:16 | COCO · first_building Monastery |
| 25:19 | Socom · first_building Barracks |
| 25:23 | the_mechanic · first_building Castle |
| 25:30 | fly · first_building Stable |
| 25:41 | Socom · first_market_sell 100 wood |
| 25:47 | warriorprincess · first_building Barracks |
| 26:59 | the_mechanic · first_building Siege Workshop |
| 27:07 | Socom · first_building Archery Range |
| 27:12 | warriorprincess · first_market_sell 100 wood |
| 27:27 | warriorprincess · first_building Stable |
| 27:40 | warriorprincess · first_building Siege Workshop |
| 27:45 | COCO · first_building Barracks |
| 28:26 | Socom · wall_segment Stone Wall x13 |
| 28:33 | Yuanchi · first_building Barracks |
| 28:37 | Yuanchi · first_building Siege Workshop |
| 29:03 | Yuanchi · wall_segment Stone Wall x15 |
| 29:06 | COCO · age_up imperial |
| 29:08 | COCO · first_building Stable |
| 29:25 | Yuanchi · first_building Archery Range |
| 29:37 | Socom · age_up imperial |
| 30:06 | fly · first_market_sell 100 wood |
| 30:07 | Socom · first_building Siege Workshop |
| 30:31 | the_mechanic · age_up imperial |
| 31:33 | warriorprincess · age_up imperial |
| 31:50 | COCO · resign |
[ AI ANALYSIS · 1 CREDIT ]
What really happened in this match?
Wolo.gg analyzes every decision: build order, eco, micro, common mistakes by bracket. Personalized analysis on WhatsApp or Discord in 30 seconds.
Civ guide
Italians
Map guide
Arena
Perfil
Jugador #2074595